 Dungeon Crawl Stone Soup version 0.31-a0-117-g42d8f58691 (webtiles) character file.

Game seed: 996045719695715993

1521922 KimchiStew the Metallomancer (level 27, 136/136 HPs)
             Began as a Gargoyle Earth Elementalist on May 30, 2023.
             Was an Initiate of Gozag.
             Escaped with the Orb
             ... and 3 runes!
             The game lasted 03:10:10 (83681 turns).

KimchiStew the Metallomancer (GrEE)                Turns: 83681, Time: 03:10:10

Health: 136/136    AC: 40    Str: 22    XL:     27
Magic:  7/48       EV: 11    Int: 38    God:    Gozag
Gold:   1490       SH: 15    Dex: 12    Spells: 8/68 levels left

rFire   + . .        P - staff of earth "Qulum" {+Blink Str+3 Int+3 Stlth-}
rCold   + . .        D - +2 kite shield {reflect}
rNeg    + + +        Q - +3 ring mail "Pazup" {rF+ Regen+}
rPois   ∞            G - +2 helmet
rElec   +            g - +1 cloak of the Blizzard {rElec rC+ Str+3 Int+3}
rCorr   +            a - +0 pair of gloves "Ruuz" {rElec Will+ SInv}
SInv    +            b - +1 pair of boots "Ineo" {rN+ Regen+ Int-2 Dex+3}
Will    +++++        H - amulet "Keajeuk" {RegenMP rN++ Str+2 Dex-3 SInv}
Stlth   +            y - ring "Diozeowav" {rCorr Int+6 Dex+2 Stlth+}
HPRegen 2.02/turn    c - ring "Imeuvio" {Fly rPois rN++ Will+++}
MPRegen 0.71/turn

%: reflection
@: gold aura, flying, studying 2 skills
A: sickness immunity, AC +20, big wings, negative energy resistance 1,
electricity resistance, torment resistance 1, petrification resistance, frail 1
0: Orb of Zot
}: 3/15 runes: serpentine, barnacled, silver
a: Renounce Religion, Evoke Blink, Potion Petition, Call Merchant, Bribe Branch


You escaped.
You worshipped Gozag.
Gozag was most pleased with you.
You visited 9 branches of the dungeon, and saw 47 of its levels.
You visited 1 bazaar.
You also visited: Ossuary, Bailey, Gauntlet and Ice Cave.

You collected 31971 gold pieces.
You spent 6695 gold pieces at shops.
You paid 23786 gold pieces to Gozag.

Inventory:

Hand Weapons
 E - the +4 broad axe "Miskakk Basm" {drain, rF++ Will+ Stlth+}
   (You took it off a rakshasa on level 2 of the Depths)

   rF:        It greatly protects you from fire.
   Will:      It increases your willpower.
   Stlth:     It makes you more stealthy.
Missiles
 n - 14 throwing nets
 r - 23 boomerangs
 F - 4 curare-tipped darts
Armour
 a - the +0 pair of gloves "Ruuz" (worn) {rElec Will+ SInv}
   (You found it on level 2 of the Vaults)

   rElec:     It insulates you from electricity.
   SInv:      It lets you see invisible.
   Will:      It increases your willpower.
 b - the +1 pair of boots "Ineo" (worn) {rN+ Regen+ Int-2 Dex+3}
   (You bought it in a shop on level 2 of the Orcish Mines)

   Int:       It affects your intelligence (-2).
   Dex:       It affects your dexterity (+3).
   rN:        It protects you from negative energy.
   Regen:     It increases your rate of health regeneration.
 g - the +1 cloak of the Blizzard (worn) {rElec rC+ Str+3 Int+3}
   (You found it on level 2 of the Vaults)

   Str:       It affects your strength (+3).
   Int:       It affects your intelligence (+3).
   rC:        It protects you from cold.
   rElec:     It insulates you from electricity.
 D - a +2 kite shield of reflection (worn)
 G - a +2 helmet (worn)
 Q - the +3 ring mail "Pazup" (worn) {rF+ Regen+}
   (You bought it in a shop on level 4 of the Lair of Beasts)

   rF:        It protects you from fire.
   Regen:     It increases your rate of health regeneration.
Magical Staves
 i - the staff of conjuration "Fatt" {rPois rC+ Will+ rCorr}
   (You found it on level 3 of the Elven Halls)

   [staff of conjuration]

   Base accuracy: +5 Base damage: 5 Base attack delay: 1.2 This weapon's minimum
   attack delay (0.6) is reached at skill level 12.
   rC:        It protects you from cold.
   rPois:     It protects you from poison.
   rCorr:     It protects you from acid and corrosion.
   Will:      It increases your willpower.
   It falls into the 'Staves' category.
   It is a one-handed weapon.
 P - the staff of earth "Qulum" (weapon) {+Blink Str+3 Int+3 Stlth-}
   (You acquired it on level 3 of the Shoals)

   [staff of earth]

   Base accuracy: +5 Base damage: 5 Base attack delay: 1.2 This weapon's minimum
   attack delay (0.6) is reached at skill level 12.
   Str:       It affects your strength (+3).
   Int:       It affects your intelligence (+3).
   +Blink:    It lets you blink.
   Stlth:     It makes you less stealthy.
   It falls into the 'Staves' category.
   It is a one-handed weapon.
Jewellery
 c - the ring "Imeuvio" (right hand) {Fly rPois rN++ Will+++}
   (You bought it in a shop in a bazaar)

   [ring of flight]

   rPois:     It protects you from poison.
   rN:        It greatly protects you from negative energy.
   Fly:       It grants you flight.
   Will:      It greatly increases your willpower.
 y - the ring "Diozeowav" (left hand) {rCorr Int+6 Dex+2 Stlth+}
   (You bought it in a shop in a bazaar)

   [ring of intelligence]

   Int:       It affects your intelligence (+6).
   Dex:       It affects your dexterity (+2).
   rCorr:     It protects you from acid and corrosion.
   Stlth:     It makes you more stealthy.
 H - the amulet "Keajeuk" (around neck) {RegenMP rN++ Str+2 Dex-3 SInv}
   (You bought it in a shop in a bazaar)

   [amulet of magic regeneration]

   It increases your rate of magic regeneration.
   Str:       It affects your strength (+2).
   Dex:       It affects your dexterity (-3).
   rN:        It greatly protects you from negative energy.
   SInv:      It lets you see invisible.
 N - a +4 ring of slaying
 S - the ring of Kadiprat {rF++ rC+ rN+ Will- Stlth+}
   (You bought it in a shop on level 4 of the Depths)

   [ring of positive energy]

   rF:        It greatly protects you from fire.
   rC:        It protects you from cold.
   rN:        It protects you from negative energy.
   Will:      It decreases your willpower.
   Stlth:     It makes you more stealthy.
 V - the amulet of Pakkeri {Reflect rElec rC+ Will+ SH+5}
   (You found it in a Gauntlet)

   [amulet of reflection]

   It reflects blocked missile attacks.
   rC:        It protects you from cold.
   rElec:     It insulates you from electricity.
   SH:        It affects your SH (+5).
   Will:      It increases your willpower.
Wands
 l - a wand of digging (19)
 A - a wand of paralysis (53)
 I - a wand of flame (106)
 X - a wand of roots (49)
 Z - a wand of quicksilver (15)
Scrolls
 e - 12 scrolls of teleportation
 j - a scroll of magic mapping
 k - 6 scrolls of poison
 m - 2 scrolls of torment
 o - 2 scrolls of enchant armour
 p - 6 scrolls of vulnerability
 q - 3 scrolls of summoning
 t - 3 scrolls of brand weapon
 u - 5 scrolls of amnesia
 B - 11 scrolls of immolation
 K - 6 scrolls of fog
 R - 3 scrolls of enchant weapon
 T - 5 scrolls of fear
 U - 10 scrolls of blinking
Potions
 f - 20 potions of curing
 h - 5 potions of cancellation
 s - 2 potions of might
 v - 5 potions of lignification
 w - 9 potions of attraction
 x - 10 potions of heal wounds
 z - 13 potions of mutation
 C - a potion of invisibility
 J - a potion of haste
 L - 11 potions of ambrosia
 M - a potion of resistance
 O - 4 potions of brilliance
 Y - 8 potions of enlightenment
Miscellaneous
 d - a phial of floods
 W - a box of beasts


   Skills:
 - Level 10.0 Fighting
 - Level 3.0 Short Blades
 - Level 12.0 Staves
 - Level 8.0 Armour
 - Level 4.0 Dodging
 - Level 5.0 Stealth
 - Level 15.0 Shields
 - Level 21.0 Spellcasting
 + Level 22.8 Conjurations
 - Level 3.0 Transmutations
 + Level 23.5 Fire Magic
 - Level 24.0 Earth Magic
 - Level 5.0 Evocations


You had 8 spell levels left.
You knew the following spells:

 Your Spells              Type           Power      Damage    Failure   Level
a - Fireball              Conj/Fire      60%        3d23      0%          5
b - Ignition              Fire           60%        3d16      1%          8
c - Passwall              Tmut/Erth      99%        N/A       0%          2
d - Petrify               Tmut/Erth      100%       N/A       1%          4
e - Dispel Undead         Necr           39%        3d16      14%         4
f - Lee's Rapid Deconstr  Erth           73%        3d33*     0%          5
g - Leda's Unmaking       Conj/Erth      72%        9d12      0%          6
h - Fire Storm            Conj/Fire      60%        8d15      11%         9
i - Shatter               Erth           73%        3d53*     8%          9
j - Lehudib's Crystal Sp  Conj/Erth      72%        10d16     1%          8

Your spell library contained the following spells:

 Spells                   Type           Power      Damage    Failure   Level
 Foxfire                  Conj/Fire      100%       2x1d9     0%          1
 Kiss of Death            Conj/Necr      100%       2d13      0%          1
 Sandblast                Erth           100%       2d20      0%          1
 Shock                    Conj/Air       100%       1d9       0%          1
 Scorch                   Fire           100%       2d9       0%          2
 Stone Arrow              Conj/Erth      100%       3d13      0%          3
 Flame Wave               Conj/Fire      100%       2d21      0%          4
 Starburst                Conj/Fire      60%        6d16      0%          6
 Beastly Appendage        Tmut           100%       N/A       1%          1
 Necrotise                Necr           100%       1d9       1%          1
 Slow                     Hex            100%       N/A       1%          1
 Sting                    Tmut/Pois      100%       1d8       1%          1
 Summon Small Mammal      Summ           100%       N/A       1%          1
 Momentum Strike          Conj/Tloc      100%       3d10      1%          2
 Dazzling Flash           Conj/Hex       100%       N/A       1%          3
 Hailstorm                Conj/Ice       91%        3d18      1%          3
 Ignite Poison            Fire/Tmut/Pois 82%        N/A       1%          3
 Inner Flame              Hex/Fire       92%        N/A       1%          3
 Mephitic Cloud           Conj/Pois/Air  78%        N/A       1%          3
 Volatile Blastmotes      Fire/Tloc      100%       2d18      1%          3
 Animate Armour           Summ/Erth      100%       N/A       1%          4
 Iskenderun's Mystic Bla  Conj/Tloc      91%        2d18      1%          4
 Leda's Liquefaction      Hex/Erth       57%        N/A       1%          4
 Arcjolt                  Conj/Air       45%        1d55      1%          5
 Borgnjor's Vile Clutch   Necr/Erth      57%        N/A       1%          5
 Freezing Cloud           Conj/Ice/Air   39%        6-21      1%          5
 Irradiate                Conj/Tmut      47%        3d27      1%          5
 Conjure Ball Lightning   Conj/Air       45%        3x3d16    1%          6
 Plasma Beam              Fire/Air       46%        2x1d66    1%          6
 Orb of Destruction       Conj           59%        9d14      1%          7
 Blink                    Tloc           78%        N/A       2%          2
 Ensorcelled Hibernation  Hex/Ice        78%        N/A       2%          2
 Lesser Beckoning         Tloc           78%        N/A       2%          2
 Poisonous Vapours        Pois/Air       78%        N/A       2%          2
 Call Canine Familiar     Summ           39%        N/A       4%          3
 Confusing Touch          Hex            39%        N/A       4%          3
 Gell's Gravitas          Tloc           39%        N/A       4%          3
 Ozocubu's Armour         Ice            39%        N/A       4%          3
 Portal Projectile        Hex/Tloc       78%        N/A       4%          3
 Summon Guardian Golem    Hex/Summ       39%        N/A       4%          3
 Swiftness                Air            39%        N/A       4%          3
 Teleport Other           Tloc           39%        N/A       4%          3
 Tukima's Dance           Hex            39%        N/A       4%          3
 Vampiric Draining        Necr           39%        2d8       4%          3
 Vhi's Electric Charge    Tloc/Air       78%        N/A       4%          3
 Ice Form                 Ice/Tmut       50%        N/A       8%          4
 Blade Hands              Tmut           29%        N/A       12%         5
 Airstrike                Air            19%        2d(3-19)  14%         4
 Anguish                  Hex/Necr       19%        N/A       14%         4
 Cause Fear               Hex            19%        N/A       14%         4
 Manifold Assault         Tloc           39%        N/A       14%         4
 Olgreb's Toxic Radiance  Pois           39%        N/A       14%         4
 Passage of Golubria      Tloc           39%        N/A       14%         4
 Summon Lightning Spire   Summ/Air       39%        N/A       14%         4
 Yara's Violent Unravell  Hex/Tmut       25%        3d11      22%         5
 Agony                    Necr           39%        N/A       38%         5
 Metabolic Englaciation   Hex/Ice        19%        N/A       38%         5
 Death Channel            Necr           19%        N/A       92%         6
 Dispersal                Tloc           19%        N/A       92%         6
 Dragon Form              Tmut           29%        N/A       98%         7
 Enfeeble                 Hex            19%        N/A       100%        7
 Malign Gateway           Summ/Tloc      19%        N/A       100%        7
 Ozocubu's Refrigeration  Ice            19%        4d11      100%        7
 Storm Form               Tmut/Air       25%        N/A       100%        7
 Borgnjor's Revivificati  Necr           19%        N/A       100%        8
 Disjunction              Tloc           19%        N/A       100%        8
 Maxwell's Capacitive Co  Air            19%        ∞         100%        8
 Necromutation            Tmut/Necr      25%        N/A       100%        8
 Summon Horrible Things   Summ           19%        N/A       100%        8
 Chain Lightning          Conj/Air       45%        3d60      100%        9
 Death's Door             Necr           19%        N/A       100%        9
 Statue Form              Tmut/Erth      Unusable   N/A       N/A         6
 Cigotuvi's Dreadful Rot  Necr/Pois/Air  Unusable   N/A       N/A         2
 Sublimation of Blood     Necr           Unusable   N/A       N/A         2
 Animate Dead             Necr           Unusable   N/A       N/A         4
 Simulacrum               Ice/Necr       Unusable   N/A       N/A         6

Dungeon Overview and Level Annotations

Branches:
Dungeon (15/15)            Temple (0/1) D:6            Lair (5/5) D:8
 Shoals (4/4) Lair:2        Snake (4/4) Lair:2        Slime (0/5) Lair:4
    Orc (2/2) D:10            Elf (3/3) Orc:2        Vaults (5/5) D:14
  Crypt (0/3) Vaults:2     Depths (4/4) D:15            Zot (5/5) Depths:4
Ossuary (visited)          Bailey (visited)           IceCv (visited)
Gauntlet (visited)

Altars:
Cheibriados
Elyvilon
Fedhas
Gozag
Hepliaklqana
Kikubaaqudgha
Makhleb
Nemelex Xobeh
Qazlal
Sif Muna
Trog
Uskayaw
Vehumet
Xom
Yredelemnul
Zin
The Shining One

Shops:
D:2 ?   D:8 =(   D:10 !:   D:13 *   D:14 [   Orc:2 !*[(![[   Lair:4 *
Shoals:2 !   Vaults:1 *   Vaults:3 (   Depths:1 (!   Depths:3 ?[*
Depths:4 :==

Portals:
Hell: Depths:1 Depths:2 Depths:3 Depths:4
Abyss: Depths:2 Depths:3
Pandemonium: Depths:2 Depths:3 Depths:4
Ziggurat: Depths:2
Trove: D:12 (give 20 potions of curing)

Annotations:
Shoals:3 Mara
Shoals:4 1 exclusion
Elf:2 5 runed translucent doors
Vaults:2 1 transporter
Depths:2 1 runed translucent door, Ulof's ghost, adept HOMo
Depths:3 2 runed translucent doors


Innate Abilities, Weirdness & Mutations

You are immune to sickness and miasma.
Your stone body is resilient. (AC +20)
You are immune to poison.
Your large and strong wings let you fly.
You resist negative energy. (rN+)
You are resistant to electric shocks. (rElec)
You are resistant to unholy torment.
You are immune to petrification.
You are frail. (-10% HP)


Message History

Press: ? - help, Dir - move target, f - you Please select a wall.
This square is covered in magical glow.
Okay, then.
Unknown command.
A ynoxinul comes into view.
There is a staircase leading out of the dungeon here.
Casting: Passwall (safe; 0% risk of failure)
Confirm with . or Enter, or press ? or * to list all spells.
You feel a surge of power!
The dungeon rumbles!
You kill the ufetubus!
The ufetubus disappears in a puff of smoke!
Ka-crash!
You hear a shout!
Casting: Shatter (dangerous; 8% risk of failure)
Confirm with . or Enter, or press ? or * to list all spells.
You feel a surge of power!
The dungeon rumbles!
Ka-crash!
Casting: Shatter (dangerous; 8% risk of failure)
Confirm with . or Enter, or press ? or * to list all spells.
You feel a surge of power!
The dungeon rumbles!
The ynoxinul is lightly wounded.
Ka-crash!
Casting: Shatter (dangerous; 8% risk of failure)
Confirm with . or Enter, or press ? or * to list all spells.
You feel a surge of power!
The dungeon rumbles!
You kill the ynoxinul!
Ka-crash!
Casting: Shatter (dangerous; 8% risk of failure)
Confirm with . or Enter, or press ? or * to list all spells.
You feel a surge of power!
The dungeon rumbles!
Ka-crash!
Casting: Shatter (dangerous; 8% risk of failure)
Confirm with . or Enter, or press ? or * to list all spells.
You don't have enough magic to cast this spell.
Unknown command.
Unknown command.
You have escaped!

...# ####.##÷#####... #..##
....#..#........#####...
##..#####.......#.....#.#........
.##.....#............##...####...
.##..)..# #..........##..## #....
.##.....###>......$#....## #....
.##..........#........#.# #....
.##.....#.#............. #....
..##..###.......@......# ####5...
..##....#....#..........##...5.#3
..##.##.................#..#..###
.................................
.##...###....#................###
####..###.....................###
#............................#.#
#.#.####.........#.....####....#
#.#.# ##..............# ##.#.##


There were no monsters in sight!

Vanquished Creatures
  A dread lich (Vaults:2)
  An ancient lich (Zot:5)
  An orb of fire (Zot:2)
  A juggernaut (Depths:2)
  Josephina (Zot:1)
  2 Killer Klowns
  Vashnia (Snake:4)
  2 curse toes
  The ghost of Oczupsu the Shatterer, a legendary GrFi of Okawaru (Zot:4)
  The ghost of Fubrub the Fetichist, a veteran GnWr of Ashenzari (Vaults:2)
  Nikola (Elf:2)
  9 golden dragons
  The ghost of Ciq Qara the Pyromancer, a veteran GrEE of Sif Muna (Vaults:2)
  2 bone dragons (Zot:2)
  Jorgrun (Shoals:2)
  17 tentacled monstrosities
  Mlioglotl (Shoals:4)
  A Hell Sentinel (Zot:5)
  6 Orb Guardians
  4 liches
  2 deep elf blademasters (Elf:3)
  A walking frostbound tome (Depths:4)
  8 titans
  9 quicksilver dragons
  Asterion (Elf:1)
  2 deep elf master archers (Elf:3)
  The ghost of Wiath the Deadly Accurate, an adept DrBr of Ashenzari (Vaults:2)
  A walking divine tome (Depths:4)
  13 death cobs
  Gastronok (D:12)
  A kraken (Shoals:1)
  6 tengu reavers
  Roxanne (Snake:2)
  5 sphinxes
  5 draconian monks
  Ilsuiw (Shoals:3)
  Donald (Shoals:4)
  Kirke (Lair:4)
  11 storm dragons
  13 shadow dragons
  4 draconian knights
  7 nagarajas (Snake:4)
  11 fire giants
  An azure jelly (IceCv)
  15 frost giants
  4 deep elf sorcerers (Elf:3)
  A balrug (Depths:2)
  11 vault wardens
  3 ghost moths
  6 draconian scorchers
  The ghost of Jawn the Earth Mage, a journeyman GrEE of Gozag (D:14)
  3 draconian shifters
  Aizul (Shoals:3)
  2 cacodemons
  25 ironbound preservers
  A reaper (Depths:4)
  2 quicksilver oozes (IceCv)
  2 spriggan defenders (Depths:4)
  A caustic shrike zombie (Depths:1)
  3 draconian stormcallers
  6 deep elf elementalists (Elf:3)
  2 war gargoyles
  7 draconian annihilators
  17 very ugly things
  5 green draconians
  4 ironbound thunderhulks
  2 orc warlords
  2 formless jellyfish
  25 stone giants
  2 vampire knights (Depths:3)
  5 deep elf demonologists (Elf:3)
  10 yellow draconians
  8 white draconians
  10 black draconians
  8 deep elf annihilators
  Azrael (Snake:3)
  2 pale draconians (Depths:4)
  A minotaur (Gauntlet)
  5 spark wasps (Depths:3)
  16 purple draconians
  13 red draconians
  7 dire elephants
  An eidolon (D:14)
  10 deep elf death magi
  29 ettins
  2 crystal guardians
  An ettin (shapeshifter) (Vaults:5)
  7 merfolk impalers
  6 merfolk javelineers
  13 fire dragons
  2 jiangshi (Depths:1)
  6 deep elf high priests
  7 great orbs of eyes
  3 quicksilver dragon zombies (Depths:1)
  2 salamander tyrants (Snake:4)
  Fannar (Orc:1)
  3 rakshasas
  3 entropy weavers
  An entropy weaver (shapeshifter) (Vaults:1)
  19 yaktaur captains
  3 peacekeepers
  5 ice dragons
  6 catoblepae
  38 vault guards
  The ghost of t4s4d4r the Destroyer, a journeyman DgCj (D:11)
  7 hydras
  Erica (Orc:1)
  6 ironbound frosthearts
  5 spriggan air magi
  4 satyrs
  4 merfolk aquamancers (Shoals:4)
  14 anacondas
  10 centaur warriors
  12 dancing weapons
  6 merfolk avatars
  5 ogre magi
  3 alligator snapping turtles
  9 deep troll earth magi
  21 two-headed ogres
  4 boulder beetles
  23 naga warriors
  2 tengu warriors (D:15)
  5 death yaks (Depths:2)
  A vampire mage (Depths:1)
  14 deep troll shamans
  3 hell hogs (Zot:5)
  A shock serpent (shapeshifter) (Depths:3)
  2 sun demons
  5 shock serpents
  20 naga sharpshooters
  4 soul eaters
  A spriggan berserker (Depths:2)
  9 deep elf knights
  3 storm dragon zombies
  4 hell knights (Depths:3)
  4 sixfirhies
  2 skysharks
  9 skeletal warriors
  5 salamander mystics
  2 shadow wraiths
  A storm dragon skeleton (Zot:2)
  A spark wasp zombie (Depths:1)
  A quicksilver dragon simulacrum (Zot:1)
  14 sea snakes
  14 iron trolls
  2 death drakes (Zot:2)
  2 golden dragon zombies (Depths:1)
  6 glowing orange brains
  80 deep trolls
  10 wizards
  An orange crystal statue (Vaults:2)
  8 naga ritualists
  24 deep elf zephyrmancers
  3 phantasmal warriors (Vaults:5)
  11 deep elf archers
  20 ironbound convokers
  30 harpies
  4 orc knights
  2 tengu zombies (Depths:1)
  A swamp dragon (Lair:5)
  17 lindwurms
  3 necromancers
  40 ugly things
  10 mana vipers
  A stone giant zombie (Depths:1)
  An oklob plant (Lair:5)
  4 fauns (Shoals:3)
  11 manticores
  A sphinx zombie (Depths:1)
  A wolf spider (Lair:2)
  26 salamanders
  2 frost giant zombies (Depths:1)
  20 deep elf pyromancers
  A fire giant zombie (Depths:1)
  3 orc sorcerers
  18 elephants
  5 cyclopes
  15 naga magi
  26 moths of wrath
  12 guardian serpents
  5 water nymphs
  10 merfolk sirens
  6 torpor snails
  40 black mambas
  An orange demon (Depths:2)
  A smoke demon (Depths:4)
  3 gargoyles (D:12)
  2 rust devils
  25 vault sentinels
  Maurice (D:13)
  An ice statue (IceCv)
  A storm dragon simulacrum (Zot:1)
  6 cane toads
  5 rime drakes
  24 yaktaurs
  A kobold demonologist (Depths:3)
  10 komodo dragons
  A freezing wraith (D:14)
  2 ice devils (Depths:3)
  2 tengu conjurers (Depths:1)
  2 golden dragon simulacra (Zot:1)
  A guardian mummy (Zot:2)
  3 efreet (Zot:1)
  A queen bee (Orc:1)
  18 trolls
  2 red devils
  2 hellwings
  4 polar bears
  8 wind drakes
  23 merfolk
  3 shadow dragon simulacra
  A polar bear (shapeshifter) (Vaults:2)
  A blink frog (shapeshifter) (D:14)
  21 blink frogs
  8 hornets
  3 tyrant leeches (Lair:5)
  8 spriggan zombies (Depths:1)
  7 dream sheep
  56 slime creatures
  7 air elementals
  12 snapping turtles
  A jumping spider (Vaults:1)
  2 vampires (D:12)
  A jumping spider (shapeshifter) (Vaults:5)
  5 water elementals
  4 basilisks
  2 ynoxinuls
  4 fire elementals
  5 wraiths
  3 wyverns
  43 yaks
  Eustachio (D:6)
  3 hogs (Lair:4)
  19 humans (D:14)
  A redback (Vaults:1)
  A chaos spawn (Depths:4)
  3 steam dragons (Depths:4)
  49 nagas
  4 vampire mosquitoes (D:12)
  5 wargs (Orc:2)
  A swamp worm (shapeshifter) (Depths:3)
  A human zombie (Depths:1)
  9 acid dragons
  7 water moccasins
  5 hell hounds (Snake:3)
  3 swamp drakes (Lair:5)
  A black bear (shapeshifter) (D:14)
  26 orc warriors
  A sky beast (D:6)
  31 ogres
  7 ice beasts
  5 great orb of eyes simulacra (IceCv)
  5 boggarts (Vaults:4)
  2 centaurs
  38 wolves
  3 slime creature simulacra (IceCv)
  6 kobold brigands
  10 bullfrogs
  4 gnoll sergeants (D:10)
  2 scorpions
  4 glowing shapeshifter simulacra (IceCv)
  6 earth elementals
  12 wights
  26 killer bees
  6 howler monkeys
  2 iron imps (Gauntlet)
  4 orc priests
  4 hounds
  2 jellies
  3 gnoll boudas
  3 iguanas
  Jessica (D:2)
  A sleepcap (D:8)
  9 orc wizards
  4 shapeshifter simulacra (IceCv)
  2 mummies
  Robin (D:2)
  23 gnolls
  2 adders
  4 shadow imps
  16 white imps
  An ufetubus (D:6)
  A worm (D:2)
  4 dart slugs
  87 orcs
  2 spectral bats (Ossuary)
  4 bats
  4 endoplasms
  6 giant cockroaches
  12 gnoll zombies (Ossuary)
  14 goblins
  9 hobgoblins
  7 jackals
  14 kobolds
  5 quokkas
  10 ball pythons
  2 bat simulacra (Ossuary)
  3 goblin simulacra (Ossuary)
  3 goblin zombies
  5 hobgoblin zombies (Ossuary)
  2 kobold simulacra (Ossuary)
  3 kobold zombies (Ossuary)
  9 orc zombies
  7 rats
  8 rat simulacra (Ossuary)
  2 spectral goblins (Ossuary)
  3 spectral kobolds (Ossuary)
  A spectral orc (D:5)
  2 spectral rats (Ossuary)
  3 tentacles (Shoals:1)
2281 creatures vanquished.

Vanquished Creatures (collateral kills)
  6 Orb Guardians (Zot:5)
  An ironbound preserver (Vaults:1)
  A green draconian (Zot:5)
  A red draconian (Zot:5)
  A sea snake (Shoals:1)
  A snapping turtle (Shoals:1)
  A slime creature (Vaults:1)
12 creatures vanquished.

Vanquished Creatures (others)
  2 orbs of fire (Zot:5)
  An ancient lich (Zot:5)
  3 Killer Klowns (Zot:5)
  A golden dragon (Zot:5)
  5 tentacled monstrosities
  2 electric golems (Zot:5)
  13 Orb Guardians (Zot:5)
  A death cob (Zot:5)
  A shadow dragon (Zot:5)
  A draconian monk (Zot:5)
  A draconian knight (Zot:5)
  A ghost moth (Zot:5)
  A draconian stormcaller (Zot:5)
  A draconian shifter (Zot:5)
  A green draconian (Zot:5)
  2 purple draconians (Zot:5)
  A white draconian (Zot:5)
  A sun demon (Zot:5)
  3 deep elf knights
  A toenail golem (Zot:5)
  An iguana (Lair:5)
  5 tentacles (Shoals:1)
49 creatures vanquished.

Grand Total: 2342 creatures vanquished

Notes
Turn   | Place    | Note
-------+----------+-------------------------------------------
     0 | D:1      | KimchiStew the Gargoyle Earth Elementalist began the quest
                  | for the Orb.
     0 | D:1      | Reached XP level 1. HP: 10/10 MP: 3/3
   138 | D:1      | Reached XP level 2. HP: 16/16 MP: 3/5
   186 | D:1      | Reached skill level 1 in Fighting
   384 | D:1      | Reached skill level 4 in Earth Magic
   394 | D:1      | Learned a level 2 spell: Passwall
   607 | D:1      | Reached XP level 3. HP: 17/20 MP: 2/6
  1151 | D:2      | Found Afoxzyn's Magic Scroll Shoppe.
  1180 | D:2      | Reached skill level 1 in Short Blades
  1203 | D:2      | Learned a level 3 spell: Stone Arrow
  1229 | D:2      | Bought a scroll of blinking for 82 gold pieces
  1229 | D:2      | Bought a scroll of identify for 22 gold pieces
  1262 | D:2      | Reached XP level 4. HP: 25/25 MP: 4/7
  1341 | D:2      | Noticed Jessica
  1347 | D:2      | Killed Jessica
  1348 | D:2      | Reached skill level 5 in Earth Magic
  1818 | D:3      | Reached skill level 6 in Earth Magic
  1818 | D:3      | Reached XP level 5. HP: 25/29 MP: 4/8
  1852 | D:3      | Found a shimmering blue altar of Sif Muna.
  1853 | D:3      | Found a burning altar of Makhleb.
  1854 | D:3      | Found a bloodstained altar of Trog.
  1854 | D:3      | Found a glowing silver altar of Zin.
  2409 | D:3      | Found a faded altar of an unknown god.
  2909 | D:4      | Reached skill level 7 in Earth Magic
  2909 | D:4      | Reached XP level 6. HP: 33/34 MP: 7/9
  3018 | D:4      | Reached skill level 1 in Armour
  3443 | D:5      | Entered Level 5 of the Dungeon
  3443 | D:5      | Found an opulent altar of Gozag.
  3457 | D:5      | Became a worshipper of Gozag Ym Sagoz the Greedy
  3565 | D:5      | Found a sand-covered staircase.
  3571 | Ossuary  | Entered an ossuary
  4336 | D:5      | Reached skill level 8 in Earth Magic
  4489 | D:5      | Found a white marble altar of Elyvilon.
  4549 | D:5      | Reached XP level 7. HP: 38/38 MP: 8/10
  4764 | D:5      | Reached skill level 1 in Conjurations
  4976 | D:5      | Found a hazy altar of Hepliaklqana.
  5325 | D:6      | Reached XP level 8. HP: 44/44 MP: 1/12
  5617 | D:6      | Reached skill level 5 in Conjurations
  5660 | D:6      | Noticed Eustachio
  5662 | D:6      | Killed Eustachio
  5715 | D:6      | Found a staircase to the Ecumenical Temple.
  5945 | D:6      | Found a sparkling altar of Nemelex Xobeh.
  6007 | D:6      | Reached skill level 5 in Spellcasting
  6294 | D:6      | You fall into a shaft and drop 1 floor!
  6930 | D:7      | Reached XP level 9. HP: 48/48 MP: 15/18
  6964 | D:7      | Found a blossoming altar of Fedhas.
  7339 | D:7      | Found a snail-covered altar of Cheibriados.
  7429 | D:8      | Found a stormy altar of Qazlal.
  7745 | D:8      | Reached skill level 5 in Stealth
  7843 | D:8      | Noticed a rime drake
  7958 | D:8      | Reached XP level 10. HP: 33/56 MP: 7/22
  8284 | D:2      | Noticed Robin
  8287 | D:2      | Killed Robin
  8288 | D:2      | Reached skill level 9 in Earth Magic
  8309 | D:2      | Bought 2 scrolls of acquirement for 1144 gold pieces
  8899 | D:8      | Found Vonn's Weapon Boutique.
  8907 | D:8      | Reached skill level 10 in Earth Magic
  8971 | D:8      | Found Udagezis's One-of-a-Kind Rings.
  9176 | D:8      | Found a staircase to the Lair.
  9229 | D:8      | Acquired a +0 cloak of preservation
  9241 | D:8      | Acquired 1018 gold pieces
  9243 | D:8      | Acquired the ring "Keapn" {Int+6 Dex+2}
  9273 | D:9      | Learned a level 4 spell: Petrify
  9308 | D:9      | Reached skill level 1 in Transmutations
  9436 | D:9      | Found a radiant altar of Vehumet.
  9482 | D:9      | Found a flagged portal.
  9498 | Bailey   | Entered a bailey
 10162 | Bailey   | Identified the +4 arbalest "Filatats" {flame, rElec rF+}
 10190 | Bailey   | Noticed an orc knight
 10524 | D:9      | Noticed a two-headed ogre
 10534 | D:9      | Killed a two-headed ogre
 10535 | D:9      | Reached XP level 11. HP: 61/61 MP: 16/23
 10669 | D:9      | Reached skill level 10 in Conjurations
 10874 | D:9      | Found an ancient bone altar of Kikubaaqudgha.
 11122 | D:10     | Entered Level 10 of the Dungeon
 11125 | D:10     | Noticed a two-headed ogre
 11133 | D:10     | Killed a two-headed ogre
 11353 | D:10     | Reached skill level 5 in Fighting
 11648 | D:10     | Noticed a skeletal warrior
 11697 | Lair:1   | Entered Level 1 of the Lair of Beasts
 11836 | Lair:1   | Found a frozen archway.
 11969 | IceCv    | Entered an ice cave
 12584 | IceCv    | Learned a level 5 spell: Borgnjor's Vile Clutch
 12637 | IceCv    | Reached skill level 1 in Shields
 13491 | IceCv    | Noticed a quicksilver ooze
 13502 | IceCv    | Killed a quicksilver ooze
 13503 | IceCv    | Reached XP level 12. HP: 58/76 MP: 15/25
 13573 | IceCv    | Found a viscous altar of Jiyva.
 13573 | IceCv    | Noticed an azure jelly
 13626 | IceCv    | Killed an azure jelly
 13627 | IceCv    | Reached skill level 10 in Fighting
 13627 | IceCv    | Reached skill level 1 in Evocations
 13706 | IceCv    | Noticed a quicksilver ooze
 13728 | IceCv    | Killed a quicksilver ooze
 14706 | Lair:2   | Reached skill level 5 in Evocations
 15044 | Lair:2   | Found a staircase to the Shoals.
 15056 | Lair:2   | Reached skill level 10 in Spellcasting
 15804 | Lair:2   | Found a staircase to the Snake Pit.
 16296 | Lair:3   | Noticed a seven-headed hydra
 16304 | Lair:3   | Killed a seven-headed hydra
 16305 | Lair:3   | Reached XP level 13. HP: 82/82 MP: 18/28
 18602 | Lair:4   | Bought the +3 ring mail "Pazup" {rF+ Regen+} for 528 gold
                  | pieces
 18746 | Lair:4   | Found a staircase to the Slime Pits.
 19873 | Lair:4   | Gained mutation: Your large and strong wings let you fly.
                  | [Gargoyle growth]
 19873 | Lair:4   | Reached XP level 14. HP: 88/88 MP: 18/32
 20233 | Lair:5   | Entered Level 5 of the Lair of Beasts
 20233 | Lair:5   | Noticed Kirke
 20252 | Lair:4   | Reached skill level 5 in Armour
 20388 | Lair:4   | Killed Kirke
 20940 | Lair:5   | Reached skill level 15 in Spellcasting
 21318 | Lair:5   | Learned a level 5 spell: Lee's Rapid Deconstruction
 21325 | Lair:5   | Learned a level 6 spell: Leda's Unmaking
 21571 | Lair:5   | Found a runed translucent door.
 22879 | D:10     | Reached skill level 11 in Earth Magic
 23007 | D:10     | Found a hide-covered altar of Uskayaw.
 23116 | D:10     | Bought a potion of curing for 51 gold pieces
 23116 | D:10     | Bought a potion of heal wounds for 85 gold pieces
 23116 | D:10     | Bought a potion of curing for 51 gold pieces
 23188 | D:10     | Found a staircase to the Orcish Mines.
 23292 | Orc:1    | Entered Level 1 of the Orcish Mines
 23307 | Orc:1    | Noticed Erica
 23310 | Orc:1    | Killed Erica
 23426 | Orc:2    | Entered Level 2 of the Orcish Mines
 23426 | Orc:2    | Found Ucaceown's Antique Armour Emporium.
 23426 | Orc:2    | Found Fouxet's Armour Shop.
 23441 | Orc:2    | Found Fyntutwe's Antique Weapon Boutique.
 23809 | Orc:2    | Reached skill level 12 in Earth Magic
 23815 | Orc:2    | Reached XP level 15. HP: 92/92 MP: 19/34
 23999 | Orc:2    | Reached skill level 13 in Earth Magic
 24013 | Orc:2    | Found Kadghaera's Distillery.
 24013 | Orc:2    | Found Cagacisy's Distillery.
 24013 | Orc:2    | Found Mumec's Assorted Antiques.
 24127 | Orc:2    | Found a staircase to the Elven Halls.
 24134 | Orc:2    | Bought a potion of heal wounds for 50 gold pieces
 24134 | Orc:2    | Bought a potion of heal wounds for 50 gold pieces
 24135 | Orc:2    | Found Raethyna's Antique Armour Boutique.
 24143 | Orc:2    | Bought a pair of spiked boots for 370 gold pieces
 24143 | Orc:2    | Identified the +1 pair of boots "Ineo" {rN+ Regen+ Int-2
                  | Dex+3} (You bought it in a shop on level 2 of the Orcish
                  | Mines)
 24862 | Orc:1    | Noticed Fannar
 24874 | Orc:1    | Killed Fannar
 25133 | Orc:1    | Reached skill level 14 in Earth Magic
 25878 | D:11     | Found a runed translucent door.
 25878 | D:11     | Noticed t4s4d4r's ghost (journeyman DgCj)
 26102 | D:11     | Killed t4s4d4r's ghost
 26145 | D:11     | Identified the +9 shortbow of Dust {antimagic, Dex+4}
 26316 | D:12     | Noticed Gastronok
 26325 | D:12     | Killed Gastronok
 26948 | D:12     | Found a portal to a secret trove of treasure.
 27437 | D:13     | Found a gate leading to a gauntlet.
 27446 | Gauntlet | Entered a Gauntlet
 27446 | Gauntlet | Found a transporter.
 27446 | Gauntlet | Found a transporter.
 27446 | Gauntlet | Found a transporter.
 27450 | Gauntlet | Found a transporter.
 27460 | Gauntlet | Found a transporter.
 27528 | Gauntlet | Found a transporter.
 27530 | Gauntlet | Found a large runed translucent door.
 27531 | Gauntlet | Found a large runed translucent door.
 27532 | Gauntlet | Found a large runed translucent door.
 27532 | Gauntlet | Found a large runed translucent door.
 27532 | Gauntlet | Found a runed translucent door.
 27532 | Gauntlet | Found a runed translucent door.
 27533 | Gauntlet | Found a large runed translucent door.
 27534 | Gauntlet | Found a large runed translucent door.
 27535 | Gauntlet | Found a large runed translucent door.
 27535 | Gauntlet | Found a large runed translucent door.
 27536 | Gauntlet | Found a runed translucent gate.
 27536 | Gauntlet | Found a runed translucent gate.
 27536 | Gauntlet | Found a runed translucent gate.
 27538 | Gauntlet | Found a transporter.
 27547 | Gauntlet | Found a large runed translucent door.
 27547 | Gauntlet | Found a large runed translucent door.
 27548 | Gauntlet | Found a large runed translucent door.
 27549 | Gauntlet | Found a large runed translucent door.
 27553 | Gauntlet | Found a transporter.
 27563 | Gauntlet | Found a transporter.
 27578 | Gauntlet | Found a transporter.
 27582 | Gauntlet | Found the ring of Shadows {Umbra +Inv Stlth+}
 27584 | Gauntlet | Found a transporter.
 27605 | Gauntlet | Found a transporter.
 27616 | Gauntlet | Found a large runed translucent door.
 27617 | Gauntlet | Found a large runed translucent door.
 27618 | Gauntlet | Found a large runed translucent door.
 27618 | Gauntlet | Found a large runed translucent door.
 27720 | Gauntlet | Reached XP level 16. HP: 86/97 MP: 5/35
 27730 | Gauntlet | Identified the amulet of Pakkeri {Reflect rElec rC+ Will+
                  | SH+5}
 27858 | Gauntlet | Identified the ring "Voekhoeg" {Drain rC+ rN+ MP+9 Slay+4}
 27912 | Gauntlet | Identified the staff of poison "Vyhuar" {rPois Dex+3}
 27913 | Gauntlet | Got the Compendium of Peregrination
 27981 | D:13     | Found Fapruer's CLEARANCE SALE!.
 28261 | D:13     | Noticed Maurice
 28265 | D:13     | Killed Maurice
 28333 | D:13     | Reached skill level 15 in Earth Magic
 28620 | D:13     | Learned a level 9 spell: Fire Storm
 28630 | D:13     | Learned a level 9 spell: Shatter
 28821 | D:13     | Reached skill level 1 in Staves
 29038 | D:14     | Identified the amulet "Esun" {Acrobat Will++ Str+4 Int-5}
 29224 | D:14     | Found Felovaon's Antique Armour Boutique.
 29239 | D:14     | Bought a pair of glowing gloves for 225 gold pieces
 29812 | D:14     | Found a gate to the Vaults.
 29881 | D:14     | Found a runed translucent gate.
 29881 | D:14     | Found a runed translucent gate.
 29881 | D:14     | Found a runed translucent gate.
 29885 | D:14     | Noticed Jawn's ghost (journeyman GrEE)
 29957 | D:14     | Killed Jawn's ghost
 30011 | D:14     | Learned a level 5 spell: Fireball
 30095 | D:14     | Reached skill level 1 in Fire Magic
 30330 | D:15     | Entered Level 15 of the Dungeon
 30657 | D:15     | Reached skill level 15 in Conjurations
 31018 | D:15     | Reached skill level 16 in Earth Magic
 31470 | D:15     | Found a staircase to the Depths.
 31754 | Snake:1  | Entered Level 1 of the Snake Pit
 32149 | Snake:1  | Reached skill level 5 in Fire Magic
 32790 | Snake:1  | Got Wapuahuv's Monograph on the Grounded Volcano
 32807 | Snake:1  | Reached XP level 17. HP: 87/102 MP: 0/36
 32888 | Snake:1  | Found a shimmering blue altar of Sif Muna.
 34826 | Snake:2  | Acquired 1120 gold pieces
 35052 | Snake:2  | Reached skill level 10 in Fire Magic
 35410 | Snake:2  | Identified Roxanne's Compilation of the Gestalt
 35410 | Snake:2  | Noticed Roxanne
 35416 | Snake:2  | Killed Roxanne
 36243 | Snake:3  | Noticed Azrael
 36245 | Snake:3  | Killed Azrael
 37293 | Snake:4  | Entered Level 4 of the Snake Pit
 37387 | Snake:4  | Reached XP level 18. HP: 107/107 MP: 37/37
 39442 | Snake:4  | Noticed Vashnia
 39542 | Snake:4  | Killed Vashnia
 39734 | Snake:4  | Got a serpentine rune of Zot
 39941 | Shoals:1 | Entered Level 1 of the Shoals
 40103 | Shoals:1 | Reached skill level 15 in Fire Magic
 40521 | Shoals:1 | Identified the +5 mace of a wizard's laboratory {flame,
                  | rPois rF+ Int-2 Stlth+}
 40986 | Shoals:1 | Reached XP level 19. HP: 112/112 MP: 26/39
 40997 | Shoals:1 | Reached skill level 17 in Earth Magic
 41358 | Shoals:2 | Found Tilunasa's Distillery.
 41374 | Shoals:2 | Bought a potion of haste for 110 gold pieces
 41374 | Shoals:2 | Bought a potion of haste for 110 gold pieces
 41374 | Shoals:2 | Bought a potion of curing for 33 gold pieces
 41374 | Shoals:2 | Bought a potion of curing for 33 gold pieces
 41374 | Shoals:2 | Bought a potion of brilliance for 44 gold pieces
 41374 | Shoals:2 | Bought a potion of heal wounds for 55 gold pieces
 42523 | Shoals:3 | Noticed Ilsuiw
 42599 | Shoals:3 | Noticed Jorgrun
 42612 | Shoals:2 | Killed Jorgrun
 42854 | Shoals:3 | Reached skill level 18 in Earth Magic
 42977 | Shoals:3 | Noticed Aizul
 42980 | Shoals:3 | Killed Ilsuiw
 42985 | Shoals:3 | Killed Aizul
 43640 | Shoals:3 | Acquired the staff of earth "Qulum" {+Blink Str+3 Int+3
                  | Stlth-}
 43734 | Shoals:3 | Noticed Mara
 43760 | Shoals:4 | Entered Level 4 of the Shoals
 43958 | Shoals:4 | Noticed Donald
 43975 | Shoals:4 | Killed Donald
 44646 | Shoals:4 | Noticed Mlioglotl
 44656 | Shoals:4 | Killed Mlioglotl
 44657 | Shoals:4 | Reached skill level 19 in Earth Magic
 44689 | Shoals:4 | Identified the staff of earth "Taawn" {Str+5}
 44925 | Shoals:4 | Got a barnacled rune of Zot
 46422 | Shoals:4 | Reached skill level 20 in Earth Magic
 46907 | Vaults:1 | Entered Level 1 of the Vaults
 46942 | Vaults:1 | Reached XP level 20. HP: 117/117 MP: 18/41
 48480 | Vaults:1 | Reached skill level 21 in Earth Magic
 49332 | Vaults:1 | Reached skill level 22 in Earth Magic
 50392 | Vaults:1 | Reached skill level 5 in Staves
 50646 | D:10     | Bought the Atlas of Blasting for 768 gold pieces
 50655 | D:10     | Learned a level 8 spell: Lehudib's Crystal Spear
 50661 | D:10     | Learned a level 4 spell: Dispel Undead
 51144 | Vaults:1 | Found Koasees's Assorted Antiques.
 51403 | Vaults:1 | You are sucked into a shaft and drop 1 floor!
 51968 | Vaults:2 | Reached skill level 5 in Shields
 53079 | Vaults:3 | Reached XP level 21. HP: 122/122 MP: 37/43
 53582 | Vaults:2 | Found a staircase to the Crypt.
 53582 | Vaults:2 | Found a basalt altar of Yredelemnul.
 53582 | Vaults:2 | Found an ancient bone altar of Kikubaaqudgha.
 53648 | Vaults:2 | Found a transporter.
 53650 | Vaults:2 | Noticed Fubrub's ghost (veteran GnWr)
 53657 | Vaults:2 | Noticed Ciq Qara's ghost (veteran GrEE)
 53658 | Vaults:2 | Noticed Wiath's ghost (adept DrBr)
 53659 | Vaults:2 | Noticed a dread lich
 53677 | Vaults:2 | Found a transporter.
 53907 | Vaults:2 | Reached skill level 23 in Earth Magic
 54702 | Vaults:3 | Found Hadoatou's Weapon Emporium.
 58639 | Vaults:4 | Reached skill level 10 in Shields
 59103 | Elf:1    | Entered Level 1 of the Elven Halls
 59149 | Elf:1    | Found a radiant altar of Vehumet.
 59152 | Elf:1    | Noticed Asterion
 59168 | Elf:1    | Killed Asterion
 59314 | Elf:1    | Found an ancient bone altar of Kikubaaqudgha.
 59431 | Elf:1    | Found an ancient bone altar of Kikubaaqudgha.
 60120 | Elf:1    | Reached XP level 22. HP: 127/127 MP: 30/44
 60633 | Elf:2    | Identified the +1 sling "Teroob" {drain, rN+}
 60791 | Elf:2    | Paralysed by an air elemental for 1 turns
 61064 | Elf:2    | Noticed Nikola
 61070 | Elf:2    | Killed Nikola
 61257 | Elf:2    | Found a huge runed translucent gate.
 61257 | Elf:2    | Found a huge runed translucent gate.
 61257 | Elf:2    | Found a huge runed translucent gate.
 61258 | Elf:2    | Found a huge runed translucent gate.
 61259 | Elf:2    | Found a huge runed translucent gate.
 61438 | Elf:3    | Entered Level 3 of the Elven Halls
 63030 | Elf:3    | Identified the +4 robe of Nihilism {Str+3 Dex+6}
 63042 | Elf:3    | Identified the +3 broad axe "Beaghim" {spect, rCorr Int+2
                  | Stlth+}
 63443 | Elf:3    | Got the Elucidation of Bloody Concussion
 63444 | Elf:3    | Identified the +1 arbalest "Aschen" {flame, Fragile rPois
                  | Stlth+}
 63485 | Elf:3    | Identified the +5 shortbow of Cefaunne {drain, Contam rN++}
 63487 | Elf:3    | Identified the staff of conjuration "Fatt" {rPois rC+ Will+
                  | rCorr}
 64035 | Depths:1 | Entered Level 1 of the Depths
 64246 | Depths:1 | Reached skill level 24 in Earth Magic
 64711 | Depths:1 | Acquired the Discourse on Heated Ice
 64725 | Depths:1 | Learned a level 8 spell: Ignition
 64837 | Depths:1 | Reached XP level 23. HP: 132/132 MP: 8/46
 65484 | Depths:1 | Found a basalt altar of Yredelemnul.
 65501 | Depths:1 | Found Eloli's Distillery.
 65501 | Depths:1 | Found Xuats's Weapon Emporium.
 66229 | Depths:1 | Found a gateway to Hell.
 66478 | Depths:2 | Found a one-way gate to the infinite horrors of the Abyss.
 66955 | Depths:2 | Reached skill level 10 in Staves
 67309 | Depths:2 | Identified the +4 broad axe "Miskakk Basm" {drain, rF++
                  | Will+ Stlth+}
 67644 | Depths:2 | You are sucked into a shaft and drop 1 floor!
 67644 | Depths:3 | Found Kahyun's Antique Armour Shop.
 67688 | Depths:3 | Found a one-way gate leading to the halls of Pandemonium.
 67707 | Depths:3 | Found Hegerr's Assorted Antiques.
 67920 | Depths:3 | Noticed a golden dragon
 67947 | Depths:3 | Killed a golden dragon
 67975 | Depths:3 | Found a glowing silver altar of Zin.
 67976 | Depths:3 | Found a white marble altar of Elyvilon.
 67993 | Depths:3 | Found Jakeog's Magic Scroll Emporium.
 68006 | Depths:3 | Found a glowing golden altar of the Shining One.
 68092 | Depths:3 | Found a flickering gateway to a bazaar.
 68105 | Bazaar   | Entered a bazaar
 68105 | Bazaar   | Found Narysatid's Distillery.
 68105 | Bazaar   | Found Xuih's Jewellery Emporium.
 68114 | Bazaar   | Found Deze's Jewellery Shoppe.
 68114 | Bazaar   | Found Tullufab's General Store.
 68199 | Bazaar   | Bought 3 potions of heal wounds for 210 gold pieces
 68199 | Bazaar   | Bought a potion of magic for 112 gold pieces
 68207 | Bazaar   | Bought a potion of cancellation for 112 gold pieces
 68213 | Bazaar   | Bought the ring "Imeuvio" {Fly rPois rN++ Will+++} for 537
                  | gold pieces
 68213 | Bazaar   | Bought the ring "Diozeowav" {rCorr Int+6 Dex+2 Stlth+} for
                  | 444 gold pieces
 68224 | Bazaar   | Bought the amulet "Keajeuk" {RegenMP rN++ Str+2 Dex-3 SInv}
                  | for 496 gold pieces
 68228 | Bazaar   | Bought a potion of heal wounds for 65 gold pieces
 68886 | Depths:3 | Identified the +9 mace of Ashenzari's Anger {spect, Str+7}
 68923 | Depths:3 | Noticed a golden dragon
 68941 | Depths:3 | Killed a golden dragon
 69137 | Depths:3 | Found a runed translucent door.
 69138 | Depths:3 | Found a runed translucent door.
 69138 | Depths:3 | Noticed a juggernaut
 69339 | Depths:3 | Bought a scroll of magic mapping for 157 gold pieces
 69491 | Depths:3 | Found a sacrificial altar of Ru.
 69494 | Depths:3 | Found a shimmering altar of Xom.
 69494 | Depths:3 | Found an opulent altar of Gozag.
 69496 | Depths:3 | Found a burning altar of Makhleb.
 69496 | Depths:3 | Found a shimmering blue altar of Sif Muna.
 69496 | Depths:3 | Found an ancient bone altar of Kikubaaqudgha.
 69851 | Depths:2 | Found a runed translucent door.
 69953 | Depths:2 | Found a one-way gateway to a ziggurat.
 70186 | Depths:2 | Reached XP level 24. HP: 134/137 MP: 26/47
 70306 | Depths:2 | Noticed a juggernaut
 70317 | Depths:2 | Killed a juggernaut
 70331 | Depths:2 | Found the +12 glaive of Prune {freeze, Prune}
 70344 | Depths:2 | Got the Quarto of Graupel
 70546 | Depths:2 | Noticed Ulof's ghost (adept HOMo)
 71007 | Vaults:2 | Killed a dread lich
 71011 | Vaults:2 | Killed Wiath's ghost
 71016 | Vaults:2 | Killed Fubrub's ghost
 71034 | Vaults:2 | Killed Ciq Qara's ghost
 71125 | Vaults:2 | Identified the +1 cloak of the Blizzard {rElec rC+ Str+3
                  | Int+3}
 71130 | Vaults:2 | Identified the +0 pair of boots of Okawaru {rN+ Str+2 Dex-2
                  | SInv}
 71133 | Vaults:2 | Identified the +0 pair of gloves "Ruuz" {rElec Will+ SInv}
 71440 | Depths:4 | Entered Level 4 of the Depths
 71573 | Depths:4 | Found Yloivoe's Book Shoppe.
 71573 | Depths:4 | Found Xoleick's Jewellery Shop.
 71575 | Depths:4 | Found Tun Wesh's Jewellery Shop.
 72741 | Depths:4 | Found a gate to the Realm of Zot.
 73216 | Vaults:5 | Entered Level 5 of the Vaults
 73358 | Vaults:5 | Identified the +6 flail of Gloom {freeze, *Corrode rElec
                  | MP+9 Str+7}
 73451 | Vaults:5 | Identified the staff of death "Rigral Xisa" {rN+ Str+2}
 73631 | Vaults:5 | Identified the staff of death "Nuumee Apre" {rPois rF+ rN+
                  | Dex+5}
 73648 | Vaults:5 | Reached XP level 25. HP: 59/141 MP: 41/48
 73689 | Vaults:5 | Identified the +5 glaive "Bingo" {venom, rElec}
 74431 | Vaults:5 | Identified the ring "Zapram" {rCorr Stlth+}
 74506 | Vaults:5 | Got the Reference Book on Vicissitude and the Birds
 74512 | Vaults:5 | Identified the +2 scale mail "Ympulu" {Int+4 Dex+3 Slay+3}
 74755 | Vaults:5 | Got a silver rune of Zot
 75665 | Zot:1    | Entered Level 1 of the Realm of Zot
 75678 | Zot:1    | Identified the ring of Esol {Ice Int+3}
 75678 | Zot:1    | Noticed Josephina
 75684 | Zot:1    | Killed Josephina
 76079 | Depths:4 | Bought the ring of Kadiprat {rF++ rC+ rN+ Will- Stlth+} for
                  | 751 gold pieces
 76768 | Zot:1    | Reached XP level 26. HP: 147/147 MP: 31/48
 77858 | Zot:2    | Identified the +5 rapier of Ru {venom, Fragile rElec rN+++
                  | Will-}
 77930 | Zot:2    | Noticed an orb of fire
 77953 | Zot:2    | Gained mutation: You are frail. (-10% HP) [an orb of fire]
 77956 | Zot:2    | Killed an orb of fire
 78338 | Zot:2    | Reached skill level 15 in Shields
 79733 | Zot:3    | Noticed a Killer Klown
 79737 | Zot:3    | Killed a Killer Klown
 80857 | Zot:4    | Noticed a Killer Klown
 80862 | Zot:4    | Killed a Killer Klown
 81074 | Zot:4    | Reached XP level 27. HP: 74/136 MP: 8/48
 81593 | Zot:4    | Found a runed translucent gate.
 81593 | Zot:4    | Found a runed translucent gate.
 81594 | Zot:4    | Found a runed translucent gate.
 81596 | Zot:4    | Noticed Oczupsu's ghost (legendary GrFi)
 81839 | Zot:4    | Killed Oczupsu's ghost
 81983 | Zot:5    | Entered Level 5 of the Realm of Zot
 82483 | Zot:5    | Identified the ring "Yfrunoff" {rPois rN+ Str-3 Dex+4
                  | Slay+4}
 82719 | Zot:5    | Noticed an ancient lich
 82721 | Zot:5    | Killed an ancient lich
 82888 | Zot:5    | Noticed an orb of fire
 82893 | Zot:5    | Noticed an ancient lich
 82897 | Zot:5    | Killed an ancient lich
 82901 | Zot:5    | Noticed an ancient lich
 82915 | Zot:5    | Noticed an orb of fire
 82945 | Zot:5    | Got the Orb of Zot
 82985 | Zot:5    | Noticed an orb of fire
 83012 | Zot:5    | Killed an orb of fire
 83039 | Zot:5    | Noticed an orb of fire
 83681 | D:$      | Escaped with the Orb!

Illustrated notes

Levels and vault maps discovered:
D:1:      minmay_arrival_semitransparent, layout_rooms, minivault_24
D:2:      layout_loops_cross, serial_shops, nicolae_square_shop,
          minmay_misc_feat_nine_boxes, kennysheep_jessica_study, uniq_robin
D:3:      wad_river_or_something, layout_loops_ring, grunt_temple_overflow_open,
          shapermc_ecumenical_altar_mp_ritualfount, serial_park_tiny_pond
D:4:      layout_loops_ring
D:5:      layout_loops_ring, mainiacjoe_overflow_concentric_impassable,
          nicolae_hepliaklqana_monster_ancestors, nicolae_elyvilon_temple_path,
          nicolae_ossuary_entry_giza, hex_tiny, hangedman_decor_lopped
D:6:      layout_gridville, mainiacjoe_overflow_small_starburst,
          temple_fountains, minmay_misc_feat_encased, dreamdust_gnoll_farm,
          uniq_eustachio
D:7:      layout_rooms, fedhas_ov_isle_minmay,
          mainiacjoe_overflow_six_doors_small
D:8:      layout_gridville, lemuel_tele_altar, hellmonk_lair_entry_icy,
          serial_shops, nicolae_shop_bloodbath_and_beyond,
          nicolae_shop_unique_rings
D:9:      layout_loops_ring, nicolae_vehumet_altar_sigil, marbit_many_paths,
          enter_bailey_2, hangedman_fish_farm
D:10:     layout_basic, nicolae_uskayaw_suspiria,
          kennysheep_orc_monster_closet_entryway
D:11:     layout_gridville, ebering_ghost_inner_flame
D:12:     layout_stronghold, enter_trove_2, serial_ice, serial_ice_g,
          serial_ice_f, serial_ice_k, serial_ice_h, uniq_gastronok
D:13:     layout_stronghold, gauntlet_entry_generic, nicolae_shop_clearance,
          uniq_maurice
D:14:     layout_irregular_city, grunt_vaults_entry_tiered,
          gammafunk_ghost_spectres, serial_shops, shop
D:15:     grunt_enter_depths_snipers, layout_loops_ring,
          hangedman_decor_growths, drop_trap,
          eino_small_chamber_without_monster, amethyst_killhole
Lair:1:   layout_hall_layers, portal_ice_cave_entry_imps
Lair:2:   layout_cellular_growth, elwin_shoals_entry_stream,
          guppyfry_snake_entry_island, nicolae_lair_run_with_the_wolves,
          serial_bayou_shore_b
Lair:3:   layout_small_grid
Lair:4:   layout_long_grid, slime_entry_1
Lair:5:   wormcave, layout_long_grid, guppyfry_lair_end_dragon,
          minmay_lair_oklob_bushes, uniq_kirke
Shoals:1: layout_shoals, nicolae_shoals_the_drawing_of_the_three
Shoals:2: layout_shoals, serial_shops, nicolae_shop_industrial_runoff
Shoals:3: layout_shoals, uniq_jorgrun, uniq_mara, uniq_aizul, uniq_ilsuiw
Shoals:4: shoals_end_simple, layout_shoals, uniq_donald, uniq_mlioglotl
Snake:1:  layout_grid_shapes, basic_altar
Snake:2:  layout_gridlike, special_room,
          nicolae_snake_yet_another_twisty_hallway,
          nicolae_snake_salamander_jacuzzi, uniq_roxanne
Snake:3:  layout_misc_corridors, uniq_azrael
Snake:4:  grunt_snake_rune_serpentine_throne, layout_cave_town
Orc:1:    layout_caves, special_room [special_room_bee], uniq_erica, uniq_fannar
Orc:2:    st_orc_open, layout_diamond_mine, enter_volcano_1, serial_shops, shop,
          nicolae_shop_just_a_little_nook, shop_statue
Elf:1:    eino_elf_arrival_altar, layout_loops_corners, evilmike_minifort,
          hangedman_feature_mirror, uniq_asterion
Elf:2:    elven_hall_of_blades_hangedman_alternative
          [nicolae_blade_entry_sentries_behind_glass], layout_geoelf_diagonals,
          grunt_megastairs_2, uniq_nikola
Elf:3:    minmay_elf_hall_four_x, layout_loops_cross, minivault_27
Vaults:1: vaults_standard_mumra_lines, nicolae_vaults_tetromino_L_1,
          nicolae_vaults_lopsided_apartments, dpeg_vaults_monster_box,
          v_pattern_5, nicolae_vaults_network_periphery, v_misc_2, v_misc_2,
          vaults_dpeg_emergency_exit, ontoclasm_vaults_claustrophobia,
          layout_vaults_omnicross, serial_shops, shop
Vaults:2: nzn_ghost_randoct, v_misc_3, nicolae_vaults_theta, vaults_room_fours,
          ontoclasm_vaults_gateway, vaults_mumra_minichess_inversion,
          nicolae_vaults_two_Ls, nicolae_vaults_closet_pinwheel_5,
          minmay_crypt_entry_necro_gods, v_misc_12, v_alt_pattern_1, v_misc_30,
          layout_vaults_big_room
Vaults:3: nicolae_vaults_security_offices_5, hangedman_vaults_corner,
          v_alt_pattern_5, nicolae_vaults_taking_the_gang_shopping,
          vaults_room_door_hall, ontoclasm_vaults_hangar,
          nicolae_vaults_tetromino_L_2, nicolae_vaults_three_branches,
          nicolae_vaults_little_squares_6, layout_vaults_omnigrid
Vaults:4: nicolae_vaults_little_squares_6, serial_ice_g, v_misc_25,
          nicolae_vaults_trapezoid_lopsided_1, nicolae_vaults_closet_pinwheel_5,
          vaults_room_boxed, nicolae_vaults_heist, v_misc_8, grunt_vaults_swirl,
          nicolae_vaults_network_s, nicolae_vaults_tetromino_T_2, v_misc_19,
          ontoclasm_vaults_ring_large, v_misc_24, layout_vaults_maze
Vaults:5: serial_shops
Depths:1: layout_honeycomb, grunt_hell_entry_dis_mu, grunt_decor_mini_mirrors,
          minivault_16, abandoned_shop, kennysheep_big_empty_room,
          nicolae_yredelemnul_corpse_copse, minmay_shoptagon
Depths:2: giant_chief_lemuel, layout_cave_shapes, enter_ziggurat_a, abyss_entry,
          rand_demon_pan_entry_8, muffindrake_ghost_dead_mans_drink,
          serial_sigils_hangedman_scratch, pf_hell_entry_great_geh,
          item_on_display_a
Depths:3: minmay_the_grid_four_pointed_star
          [minmay_the_grid_triangle_9x9_windchime,
          minmay_the_grid_triangle_9x9_from_above,
          minmay_the_grid_triangle_9x9_tough_junction,
          minmay_the_grid_triangle_9x9_cache,
          minmay_the_grid_prize_shrinking_boxes], layout_gridville,
          marbit_kobold_abyss_entry, rand_demon_pan_entry_3, hell_entry,
          good_gods_temple_1, serial_shops, bzr_entry_road,
          nicolae_shop_overgrown_old_shop, nicolae_shop_tiny_waterfront,
          nicolae_shop_rolled_up, grunt_ministairs_6, doesnt_xom_only_xom
Depths:4: evilmike_zot_entry_gauntlet, layout_gridlike,
          hellmonk_bongcloud_opening, rand_demon_pan_entry_1, hell_entry,
          minmay_shop_grove
Zot:1:    lemuel_halls_of_wrath, layout_misc_corridors, grunt_megastairs_3,
          uniq_josephina
Zot:2:    hangedman_snap_crack_crunch, layout_cathedral_of_symmetry,
          lemuel_elevator
Zot:3:    kennysheep_blocky_hall, layout_concentric_octagons
Zot:4:    layout_gridlike, ebering_ghost_rock_garden
Zot:5:    layout_gridlike

Skill      XL: |  1  2  3  4  5  6  7  8  9 10 11 12 13 14 15 16 17 18 19 20 21 22 23 24 25 26 27 |
---------------+----------------------------------------------------------------------------------+-----
Fighting       | 1 2 4 9 10 | 10.0
Stealth        | 3 5 |  5.0
Earth Magic    | 4 6 7 8 10 12 14 16 20 22 23 24 | 24.0
Short Blades   | 1 2 3 |  3.0
Armour         | 2 4 8 |  8.0
Conjurations   | 4 6 9 10 11 14 15 16 17 19 21 22 | 22.8
Spellcasting   | 3 6 8 9 11 14 15 16 17 18 19 20 21 | 21.0
Transmutations | 3 |  3.0
Shields        | 4 6 10 12 14 15 | 15.0
Evocations     | 5 |  5.0
Dodging        | 4 |  4.0
Staves         | 4 5 7 9 11 12 | 12.0
Fire Magic     | 7 12 15 16 19 20 22 23 | 23.5

Action                     |  1- 3 |  4- 6 |  7- 9 | 10-12 | 13-15 | 16-18 | 19-21 | 22-24 | 25-27 || total
---------------------------+-------+-------+-------+-------+-------+-------+-------+-------+-------++-------
  Melee: Dagger            |     2 |       |       |       |       |       |       |       |       ||     2
         Short sword       |    16 |   135 |    88 |    53 |   105 |       |       |       |       ||   397
         Punch             |     1 |     2 |     1 |     1 |       |       |       |       |       ||     5
         Staff             |       |       |       |       |       |   105 |   689 |  1221 |   877 ||  2892
         Broad axe         |       |       |       |       |       |       |       |       |     4 ||     4
  Throw: Boomerang         |       |       |     3 |    20 |    33 |    30 |    10 |       |       ||    96
   Cast: Sandblast         |    48 |    94 |    87 |   158 |   258 |   186 |   103 |       |       ||   934
         Passwall          |     1 |       |     3 |       |     3 |     7 |       |    11 |    29 ||    54
         Stone Arrow       |       |       |    39 |   245 |   505 |   372 |   166 |     2 |       ||  1329
         Petrify           |       |       |       |     4 |     8 |    15 |     5 |       |       ||    32
         Lee's Rapid Decon |       |       |       |       |    76 |   117 |   105 |    43 |     3 ||   344
         Leda's Unmaking   |       |       |       |       |    30 |   204 |   138 |   161 |   163 ||   696
         Fireball          |       |       |       |       |       |    40 |   178 |   117 |    60 ||   395
         Shatter           |       |       |       |       |       |       |     2 |    22 |    60 ||    84
         Lehudib's Crystal |       |       |       |       |       |       |    12 |    27 |    44 ||    83
         Ignition          |       |       |       |       |       |       |       |    20 |    38 ||    58
 Invoke: Call Merchant     |       |       |       |     1 |     2 |       |       |       |       ||     3
         Potion Petition   |       |       |       |     2 |     2 |     6 |     6 |     6 |     8 ||    30
         Bribe Branch      |       |       |       |       |       |       |       |       |     3 ||     3
  Evoke: Wand              |       |       |       |     1 |     5 |     2 |     1 |     1 |     5 ||    15
         Box of beasts     |       |       |       |       |       |     2 |     1 |     1 |       ||     4
         Phial of floods   |       |       |       |       |       |       |     2 |       |       ||     2
    Use: Scroll            |     1 |     1 |     3 |    11 |    12 |    15 |     5 |     6 |     6 ||    60
         Potion            |       |       |       |     6 |     3 |     2 |     3 |     8 |     8 ||    30
   Stab: Sleeping          |     1 |     8 |     1 |     1 |       |       |       |       |       ||    11
         Distracted        |       |       |     1 |     1 |     1 |     1 |     2 |     5 |     2 ||    13
         Petrified         |       |       |       |     2 |       |       |     2 |       |       ||     4
         Petrifying        |       |       |       |       |       |     1 |       |       |       ||     1
 Armour: Robe              |     9 |       |       |    38 |    31 |       |       |       |       ||    78
         Leather armour    |       |    51 |    46 |    58 |       |       |       |       |       ||   155
         Ring mail         |       |       |       |       |   335 |   507 |   629 |   394 |   351 ||  2216
         Skin              |       |       |       |       |       |       |       |     6 |       ||     6
  Dodge: Dodged            |    17 |    71 |    69 |   109 |   293 |   381 |   448 |   227 |   182 ||  1797
  Block: Other             |       |    32 |    29 |    32 |       |       |       |       |       ||    93
         Reflection        |       |     1 |     2 |    13 |       |    10 |    55 |    10 |     8 ||    99
         Buckler           |       |       |       |    48 |   224 |   266 |   535 |   291 |    13 ||  1377
         Kite shield       |       |       |       |       |       |       |       |       |   282 ||   282

Table legend: (Time is in decaauts)
 A = Elapsed time spent in this place.
 B = Non-inter-level travel time spent in this place.
 C = Inter-level travel time spent in this place.
 D = Time resting spent in this place.
 E = Time spent auto-exploring this place.
 F = Levels seen in this place.
 G = Mean time per level.
                   A        B        C        D        E       F      G
               +--------+--------+--------+--------+--------+-----+--------+
         Total |  83808 |  78184 |   5624 |  22616 |  34434 |  52 | 1611.7 |
       Dungeon |  19224 |  16925 |   2299 |   3949 |   8242 |  15 | 1281.6 |
          Lair |   9228 |   8674 |    554 |   3404 |   2872 |   5 | 1845.6 |
        Shoals |   6757 |   6630 |    127 |   2219 |   2780 |   4 | 1689.2 |
     Snake Pit |   8088 |   7887 |    201 |   2630 |   2916 |   4 | 2022.0 |
  Orcish Mines |   2186 |   2083 |    103 |    525 |    678 |   2 | 1093.0 |
   Elven Halls |   4694 |   4490 |    204 |   1047 |   2539 |   3 | 1564.7 |
        Vaults |  13643 |  12560 |   1083 |   3223 |   6511 |   5 | 2728.6 |
        Depths |   9028 |   8256 |    772 |   2022 |   4243 |   4 | 2257.0 |
           Zot |   6786 |   6508 |    278 |   1526 |   3221 |   5 | 1357.2 |
        Bazaar |    128 |    128 |      0 |     82 |      6 |   1 |  128.0 |
       Ossuary |    746 |    746 |      0 |    103 |    257 |   1 |  746.0 |
        Bailey |    831 |    831 |      0 |    433 |     15 |   1 |  831.0 |
      Ice Cave |   1985 |   1985 |      0 |   1367 |      0 |   1 | 1985.0 |
      Gauntlet |    478 |    478 |      0 |     83 |    153 |   1 |  478.0 |
               +--------+--------+--------+--------+--------+-----+--------+

Top non-repeatable levels by time:
Vaults:1: 4531 daAuts
Depths:1: 2818 daAuts
Vaults:3: 2700 daAuts
 Snake:4: 2574 daAuts
 Snake:1: 2561 daAuts
    D:14: 2365 daAuts
Vaults:2: 2342 daAuts
   Elf:3: 2326 daAuts
Depths:4: 2181 daAuts
  Lair:2: 2170 daAuts
Shoals:4: 2147 daAuts
Vaults:4: 2123 daAuts
  Lair:5: 2038 daAuts
Depths:3: 2020 daAuts
Depths:2: 2007 daAuts
